[Event "Titled Tuesday Blitz January 31 Early 2023"]
[White "Grigoriants, Sergey"]
[Black "Corrales Jimenez, Fidel"]
[WhiteFideId "4130804"]
[BlackFideId "3506690"]
[WhiteElo "2562"]
[BlackElo "2489"]
[Result "1/2-1/2"]
[Round "06"]
[TimeControl "180+2"]
[Date "2023.01.31"]
[WhiteClock "0:00:04"]
[BlackClock "0:00:04"]

1. d4 Nf6 2. c4 g6 3. f3 d6 4. e4 Bg7 5. Nc3 O-O 6. Nge2 e5 7. d5 a5 8. g4 Na6 9. Ng3 Nc5 10. Be3 c6 11. Qd2 cxd5 12. cxd5 a4 13. h4 Qa5 14. h5 Bxg4 15. fxg4 Nxg4 16. hxg6 fxg6 17. Bh3 Nxe3 18. Qxe3 a3 19. b3 Bh6 20. Be6+ Nxe6 21. Rxh6 Nd4 22. Rc1 Rf3 23. Qg5 Raf8 24. Rxg6+ Kh8 25. Qh6 R8f7 26. b4 Qxb4 27. Rxd6 Rxg3 28. Rd8+ Rg8 29. Rxg8+ Kxg8 30. Qg5+ Rg7 31. Qd8+ Kf7 32. Qd7+ Kf6 33. Qd8+ Kg6 34. Kd2 h6 35. Rg1+ Kh5 36. Rxg7 Qb2+ 37. Kd3 Qc2+ 38. Kc4 b5+ 39. Kb4 Qb2+ 40. Ka5 Qxc3+ 41. Ka6 b4 42. Qe8+ Kh4 43. Qe7+ Kh3 44. Qxe5 Qc4+ 45. Kb6 Qb5+ 46. Kc7 Qc5+ 47. Kb7 Qb5+ 48. Kc7 Qc5+ 49. Kb7 Qb5+ 50. Kc7 1/2-1/2


[Site "https://www.chess.com"]

[Event "Titled Tuesday Blitz January 31 Early 2023"]
[White "Kamsky, Gata"]
[Black "Nouri, Alekhine"]
[WhiteFideId "2000024"]
[BlackFideId "5216184"]
[WhiteElo "2665"]
[BlackElo "2257"]
[Result "1/2-1/2"]
[Round "06"]
[TimeControl "180+2"]
[Date "2023.01.31"]
[WhiteClock "0:00:07"]
[BlackClock "0:00:07"]

1. e4 c5 2. Nf3 d6 3. d4 cxd4 4. Nxd4 Nf6 5. Nc3 a6 6. a4 e5 7. Nf3 Be7 8. Bc4 Be6 9. Qe2 O-O 10. O-O Qc8 11. Bb3 Bxb3 12. cxb3 Nbd7 13. Bg5 h6 14. Bxf6 Nxf6 15. Nd2 Qe6 16. Nc4 Rac8 17. Rfd1 Rc5 18. Ne3 Qxb3 19. Rd3 Qe6 20. b4 Rcc8 21. Ned5 Nxd5 22. Nxd5 Bg5 23. g3 Rc6 24. h4 Be7 25. b5 axb5 26. axb5 Rc5 27. Rc3 Rfc8 28. Rxc5 Rxc5 29. Kg2 Bd8 30. Ra8 Rc8 31. Ra7 Qd7 32. Qd3 Rc5 33. Ra8 Kh7 34. b6 Bxh4 35. Ra1 Bd8 36. Qf3 Qe6 37. Ra7 f5 38. Rxb7 fxe4 39. Qxe4+ Qg6 40. Qxg6+ Kxg6 41. Rd7 Rxd5 42. Rxd8 Rb5 43. Rxd6+ Kf5 44. f3 h5 45. Kf2 Rb3 46. Kg2 g5 47. Kf2 g4 48. fxg4+ hxg4 49. Kg2 Ke4 50. Rf6 Rb2+ 51. Kg1 Ke3 52. Kf1 e4 53. Kg1 Rb1+ 54. Kg2 Rb2+ 55. Kg1 Kd4 56. Rf4 Rxb6 57. Rxg4 Kd3 58. Rg8 e3 59. Rd8+ Ke2 60. Kg2 Rg6 61. Rd7 Rf6 62. g4 Rf2+ 63. Kg3 Kf1 64. g5 e2 65. Re7 Rg2+ 66. Kf4 Kf2 67. Kf5 Rg3 68. Rxe2+ Kxe2 69. g6 Ke3 70. Kf6 Ke4 71. g7 Kd5 72. Kf7 Rf3+ 73. Ke7 Rg3 74. Kf7 Rxg7+ 75. Kxg7 1/2-1/2


[Site "https://www.chess.com"]

[Event "Titled Tuesday Blitz January 31 Early 2023"]
[White "Lymar, Vladislav"]
[Black "Yuan, Qingyu"]
[WhiteFideId "14162180"]
[BlackFideId "8609772"]
[WhiteElo "2119"]
[BlackElo "2373"]
[Result "1-0"]
[Round "06"]
[TimeControl "180+2"]
[Date "2023.01.31"]
[WhiteClock "0:00:06"]
[BlackClock "0:00:02"]

1. e4 e5 2. Nf3 Nc6 3. g3 Nf6 4. d3 d5 5. exd5 Nxd5 6. Bg2 Bd6 7. O-O O-O 8. Nc3 Nxc3 9. bxc3 Bf5 10. Re1 Re8 11. Nd2 Rb8 12. Rb1 Qd7 13. c4 h6 14. Bb2 Nd4 15. Bxd4 exd4 16. Rxe8+ Qxe8 17. Qf3 Bc8 18. Nb3 Qe5 19. Kf1 Bd7 20. Re1 Qg5 21. h4 Qg6 22. Nxd4 Bb4 23. Re2 Qa6 24. Qd5 Bg4 25. f3 Be6 26. Nxe6 Qxa2 27. Nxc7 Qa1+ 28. Kf2 Bc3 29. f4 Bd4+ 30. Kf3 Qg1 31. Nb5 Bb6 32. Nd6 Kh7 33. Qf5+ Kh8 34. Nxf7+ Kg8 35. Ne5 Rf8 36. Qe6+ Kh7 37. Qd5 Rf6 38. Qe4+ Kh8 39. Ng6+ Kg8 40. Ne7+ Kf7 41. Nd5 Rc6 42. Qe8# 1-0


[Site "https://www.chess.com"]

[Event "Titled Tuesday Blitz January 31 Early 2023"]
[White "Pakleza, Zbigniew"]
[Black "Priasmoro, Novendra"]
[WhiteFideId "1119290"]
[BlackFideId "7105029"]
[WhiteElo "2494"]
[BlackElo "2504"]
[Result "1-0"]
[Round "06"]
[TimeControl "180+2"]
[Date "2023.01.31"]
[WhiteClock "0:00:04"]
[BlackClock "0:00:02"]

1. d4 Nf6 2. Nf3 g6 3. Bf4 Bg7 4. e3 O-O 5. Be2 d6 6. h3 Nc6 7. O-O Nd7 8. c4 e5 9. Bh2 f5 10. Nc3 Kh8 11. Rc1 e4 12. Nd2 Nf6 13. Re1 Ne7 14. b4 g5 15. d5 a5 16. a3 axb4 17. axb4 Ng6 18. Bf1 Qe7 19. c5 Ne5 20. Nb5 Ne8 21. cxd6 cxd6 22. Nd4 Bd7 23. Nc4 Nxc4 24. Bxc4 f4 25. exf4 gxf4 26. Ne6 Bxe6 27. Rxe4 Be5 28. dxe6 Nf6 29. Rxf4 Bxf4 30. Bxf4 Rad8 31. Qe2 d5 32. Bb5 Rc8 33. Re1 Rg8 34. Qe5 Rg6 35. Bd3 Rg7 36. Re3 Rcg8 37. Rg3 Rxg3 38. Bxg3 Rf8 39. Bh4 Kg8 40. b5 h6 41. Qf5 Qg7 42. g4 Kh8 43. Qe5 Kg8 44. Kg2 Kh8 45. Qf5 Kg8 46. b6 Kh8 47. Bg3 Kg8 48. Be5 Qg5 49. Qxg5+ hxg5 50. e7 Re8 51. Bxf6 Kf7 52. Bxg5 1-0


[Site "https://www.chess.com"]

[Event "Titled Tuesday Blitz January 31 Early 2023"]
[White "Md, Imran"]
[Black "Galchenko, Matvey"]
[WhiteFideId "25748580"]
[BlackFideId "24175480"]
[WhiteElo "2284"]
[BlackElo "2438"]
[Result "1/2-1/2"]
[Round "06"]
[TimeControl "180+2"]
[Date "2023.01.31"]
[WhiteClock "0:01:47"]
[BlackClock "0:01:22"]

1. Nf3 c5 2. e4 g6 3. d4 cxd4 4. Qxd4 Nf6 5. Nc3 Nc6 6. Qa4 d6 7. e5 dxe5 8. Nxe5 Bd7 9. Nxd7 Nxd7 10. Be3 Bg7 11. Qa3 O-O 12. O-O-O Qc8 13. Kb1 Nde5 14. Be2 Ng4 15. Bc5 b6 16. h3 Nge5 17. Be3 Na5 18. Nd5 Kh8 19. Qxe7 Nec4 20. Bd4 1/2-1/2


[Site "https://www.chess.com"]

[Event "Titled Tuesday Blitz January 31 Early 2023"]
[White "Pulpan, Jakub"]
[Black "Cella, Glaucio Dalla Cortt"]
[WhiteFideId "302759"]
[BlackFideId "2119455"]
[WhiteElo "2427"]
[BlackElo "1894"]
[Result "1-0"]
[Round "06"]
[TimeControl "180+2"]
[Date "2023.01.31"]
[WhiteClock "0:01:38"]
[BlackClock "0:00:17"]

1. d4 c5 2. d5 Nf6 3. Nc3 d6 4. e4 g6 5. Bb5+ Bd7 6. a4 Bg7 7. Nf3 a6 8. Be2 O-O 9. Nd2 e5 10. Nc4 Qc7 11. a5 Bb5 12. O-O Bxc4 13. Bxc4 Nbd7 14. b3 b5 15. axb6 Qxb6 16. Qe2 a5 17. Bd2 Ra7 18. Ra2 Rfa8 19. Rfa1 a4 20. Rxa4 Rxa4 21. Rxa4 Rxa4 22. Nxa4 Qc7 23. f3 Nb6 24. Ba5 Nfd7 25. Bb5 Qa7 26. Nxb6 Nxb6 27. Be1 Qa1 28. g3 Bh6 29. Kg2 f5 30. Bd3 fxe4 31. Bxe4 Qc1 32. Bf2 Bd2 33. Qb5 Be3 34. Bxe3 Qxe3 35. Qxb6 Qe2+ 36. Kh3 Qf1+ 37. Kh4 Kg7 38. Qc7+ Kh6 39. Qe7 Qc1 40. Qf8# 1-0


[Site "https://www.chess.com"]

[Event "Titled Tuesday Blitz January 31 Early 2023"]
[White "Boros, Denes"]
[Black "Indjic, Aleksandar"]
[WhiteFideId "722340"]
[BlackFideId "911925"]
[WhiteElo "2406"]
[BlackElo "2618"]
[Result "1-0"]
[Round "06"]
[TimeControl "180+2"]
[Date "2023.01.31"]
[WhiteClock "0:00:47"]
[BlackClock "0:00:14"]

1. e4 c5 2. Nf3 d6 3. Bc4 e6 4. O-O Nc6 5. Re1 g5 6. d4 g4 7. d5 gxf3 8. dxc6 fxg2 9. cxb7 Bxb7 10. Bb5+ Ke7 11. Bg5+ f6 12. Bh4 Bg7 13. Nc3 Nh6 14. Re3 Rg8 15. Qh5 Nf7 16. Rae1 Kf8 17. Bc4 Qe7 18. f4 Qd7 19. f5 exf5 20. exf5 Ne5 21. Be6 Qe8 22. Qd1 Rd8 23. Nd5 Bh6 24. Bxg8 Bxe3+ 25. Rxe3 Qb5 26. Be6 Ba6 27. Kxg2 Nc4 28. Rg3 Nxb2 29. Rg8# 1-0


[Site "https://www.chess.com"]

[Event "Titled Tuesday Blitz January 31 Early 2023"]
[White "Biastoch, Bennet"]
[Black "Svane, Rasmus"]
[WhiteFideId "12939889"]
[BlackFideId "4657101"]
[WhiteElo "2257"]
[BlackElo "2623"]
[Result "0-1"]
[Round "06"]
[TimeControl "180+2"]
[Date "2023.01.31"]
[WhiteClock "0:00:27"]
[BlackClock "0:01:46"]

1. e4 c6 2. Nc3 d5 3. Nf3 dxe4 4. Nxe4 Nf6 5. Qe2 Nxe4 6. Qxe4 Qa5 7. Bc4 Bf5 8. Qe2 e6 9. O-O Be7 10. b3 O-O 11. Bb2 Nd7 12. h3 Rad8 13. a4 Rfe8 14. Rfe1 Bf6 15. Bxf6 Nxf6 16. Rad1 Bxc2 17. Rc1 Be4 18. Red1 Bxf3 19. Qxf3 Rxd2 20. Rxd2 Qxd2 21. Rd1 Qb4 22. g4 h6 23. h4 Qc5 24. Qg3 Qe7 25. f3 Rd8 26. Rxd8+ Qxd8 27. g5 hxg5 28. hxg5 Nh5 29. Qg4 g6 30. a5 Qxa5 31. f4 Qe1+ 32. Kg2 Qd2+ 33. Kf3 b5 34. Bxe6 fxe6 35. Qxe6+ Kh7 36. Qf7+ Ng7 37. Qxa7 Qd3+ 38. Kg4 Qd1+ 39. Kg3 Qxb3+ 40. Kg4 Qe6+ 41. Kf3 b4 42. Qb6 b3 43. Kg3 Qd5 44. Qb7 Qd3+ 45. Kg4 Qe2+ 46. Kg3 b2 47. f5 Qd3+ 48. Kh4 b1=Q 49. Qxc6 Nxf5+ 50. Kg4 Qg3# 0-1


[Site "https://www.chess.com"]

[Event "Titled Tuesday Blitz January 31 Early 2023"]
[White "Praggnanandhaa R"]
[Black "Belozerov, Andrei"]
[WhiteFideId "25059530"]
[BlackFideId "4120213"]
[WhiteElo "2688"]
[BlackElo "2461"]
[Result "0-1"]
[Round "06"]
[TimeControl "180+2"]
[Date "2023.01.31"]
[WhiteClock "0:02:13"]
[BlackClock "0:01:39"]

1. e3 c5 2. c4 g6 3. d4 cxd4 4. exd4 Bg7 5. Nc3 Nf6 6. d5 O-O 7. Nf3 d6 8. Be2 e6 9. dxe6 Bxe6 10. O-O Nc6 11. Be3 Ng4 12. Bg5 Qb6 13. Qd2 h6 14. Bf4 Rad8 15. Rad1 g5 16. Bxd6 Rxd6 17. Qxd6 Qxb2 18. Nxg5 hxg5 19. Bxg4 Bxg4 20. Rd5 Qxc3 21. Rxg5 Be2 22. Rb1 Rd8 23. Qh6 Bd3 24. Rd1 Bg6 0-1


[Site "https://www.chess.com"]

[Event "Titled Tuesday Blitz January 31 Early 2023"]
[White "Kvaloy, Aksel Bu"]
[Black "Oparin, Grigoriy"]
[WhiteFideId "1528815"]
[BlackFideId "24125890"]
[WhiteElo "2321"]
[BlackElo "2667"]
[Result "1/2-1/2"]
[Round "06"]
[TimeControl "180+2"]
[Date "2023.01.31"]
[WhiteClock "0:00:04"]
[BlackClock "0:00:18"]

1. d4 Nf6 2. c4 e6 3. g3 d5 4. Nf3 Bb4+ 5. Bd2 a5 6. Bg2 dxc4 7. a3 Bxd2+ 8. Nbxd2 b5 9. b3 cxb3 10. Qxb3 c6 11. O-O Bb7 12. Qb2 O-O 13. Nb3 Nbd7 14. Rfc1 Rc8 15. Ne1 a4 16. Nc5 Nxc5 17. Rxc5 Nd7 18. Rc2 Qe7 19. Nd3 Rfe8 20. Rac1 e5 21. dxe5 Nxe5 22. Nxe5 Qxe5 23. Qxe5 Rxe5 24. Bxc6 Bxc6 25. Rxc6 Rxc6 26. Rxc6 g6 27. e3 Rd5 28. Rb6 Kf8 29. Rb7 Kg7 30. h4 Kf6 31. Kf1 Ke6 32. Ke2 h5 33. Rb6+ Kd7 34. Rb7+ Ke6 35. Rb6+ Ke7 36. Rb7+ Kf6 37. Rb6+ Kg7 38. Rb7 Rc5 39. Kd2 Kf6 40. Rb6+ Ke7 41. Rb7+ Ke6 42. Kd3 Rf5 43. Ke2 Kd6 44. e4 Rc5 45. Kd3 Ke6 46. Rb6+ Ke7 47. Rb7+ Kf6 48. Rb6+ Kg7 49. Rb7 Rc1 50. Rxb5 Ra1 51. Ra5 Rxa3+ 52. Ke2 Kf6 53. Kf1 Ra1+ 54. Kg2 a3 55. Kf3 Ke6 56. Kg2 Kd6 57. Ra7 Kc5 58. Rxf7 Re1 59. Ra7 Kb4 60. Kf3 Kb3 61. Rb7+ Kc2 62. Ra7 Kb2 63. Rb7+ Ka1 64. Kf4 a2 65. Kg5 Rb1 66. Ra7 Rb6 67. f4 Kb2 68. f5 gxf5 69. exf5 Rb3 70. Rxa2+ Kxa2 71. Kxh5 Rxg3 72. f6 Kb3 73. f7 Rf3 74. Kg6 Kc4 75. h5 Kd5 76. Kg7 Rg3+ 77. Kh7 Rf3 78. Kg8 Rg3+ 79. Kh8 Rf3 80. Kg8 Rg3+ 81. Kh8 Rf3 82. Kg8 1/2-1/2


[Site "https://www.chess.com"]

[Event "Titled Tuesday Blitz January 31 Early 2023"]
[White "Klose, Eli"]
[Black "Zhigalko, Sergei"]
[WhiteFideId "16242955"]
[BlackFideId "13502956"]
[WhiteElo "1519"]
[BlackElo "2572"]
[Result "1/2-1/2"]
[Round "06"]
[TimeControl "180+2"]
[Date "2023.01.31"]
[WhiteClock "0:00:10"]
[BlackClock "0:00:03"]

1. e4 c5 2. Nc3 Nc6 3. g3 g6 4. Bg2 Bg7 5. d3 Rb8 6. Be3 d6 7. Qd2 b5 8. Nge2 b4 9. Nd1 Nd4 10. O-O a5 11. Nc1 a4 12. c3 Nc6 13. c4 a3 14. Rb1 axb2 15. Nb3 Nf6 16. h3 O-O 17. d4 Nd7 18. Nxb2 cxd4 19. Nxd4 Nxd4 20. Bxd4 Bxd4 21. Qxd4 Qa5 22. Nd3 Ba6 23. Rfc1 Rfc8 24. Rb2 Nc5 25. Nxc5 dxc5 26. Qe5 Rb7 27. Rd2 b3 28. Qb2 Rcb8 29. Rcd1 Bxc4 30. axb3 Bxb3 31. Ra1 Qb6 32. e5 Rc7 33. Rc1 c4 34. Qc3 Qb4 35. Re2 Qxc3 36. Rxc3 Rd8 37. Be4 Rd4 38. Kg2 e6 39. f4 Rcd7 40. Kf2 Rd2 41. Ke3 Rxe2+ 42. Kxe2 h5 43. Bc6 Rc7 44. Bb5 Rc5 45. Ba6 Rc6 46. Bb5 Rc5 47. Ba6 Kg7 48. Ke3 h4 49. g4 g5 50. Kd4 Ra5 51. Bxc4 Bxc4 52. Rxc4 Ra3 53. fxg5 Rxh3 54. Ke4 Rh1 55. Kf4 Rf1+ 56. Ke3 h3 57. Rc2 Rg1 58. Rh2 Rxg4 59. Rxh3 Rxg5 60. Kf4 Rf5+ 61. Ke4 Rg5 62. Rf3 Kg6 63. Rf6+ Kg7 64. Rf2 Rg4+ 65. Ke3 Ra4 66. Rf1 Kg6 67. Rf2 Ra3+ 68. Ke4 Ra4+ 69. Ke3 Rg4 70. Rf1 Kg7 71. Rf2 Rg3+ 72. Ke4 Rg4+ 73. Ke3 1/2-1/2


[Site "https://www.chess.com"]

[Event "Titled Tuesday Blitz January 31 Early 2023"]
[White "Ozen, Bahadir"]
[Black "Panesso Rivera, Henry"]
[WhiteFideId "6337058"]
[BlackFideId "4402707"]
[WhiteElo "2369"]
[BlackElo "2342"]
[Result "1-0"]
[Round "06"]
[TimeControl "180+2"]
[Date "2023.01.31"]
[WhiteClock "0:00:17"]
[BlackClock "0:00:02"]

1. g3 d5 2. Nf3 Nf6 3. Bg2 c5 4. O-O e6 5. c4 d4 6. d3 Nc6 7. e3 Be7 8. exd4 cxd4 9. a3 a6 10. b4 O-O 11. Bb2 e5 12. b5 axb5 13. cxb5 Na7 14. Nxe5 Nxb5 15. a4 Nc7 16. Nd2 Ra7 17. Re1 Bb4 18. Re2 Be6 19. Ndc4 Na6 20. Nf3 Bc5 21. a5 Bd5 22. Rc1 Bxc4 23. Rxc4 Qxa5 24. Nxd4 Qb6 25. Nf5 Rd8 26. h3 Nb4 27. Bxf6 Qxf6 28. d4 Bf8 29. Qb1 Nd5 30. Bxd5 Rxd5 31. Rc8 Qxf5 32. Rxf8+ Kxf8 33. Qb4+ Rc5 34. dxc5 Ra1+ 35. Kg2 Qd5+ 36. f3 Qc6 37. Qd4 Ra8 38. Qe5 h6 39. Qd6+ Qxd6 40. cxd6 Rb8 41. d7 Rd8 42. Rd2 Ke7 43. f4 Rxd7 44. Re2+ Kd8 45. Rb2 Kc8 46. Rb3 Rc7 47. Kf3 Kb8 48. Ke4 Kc8 49. g4 Re7+ 50. Kf3 Kc7 51. g5 h5 52. h4 g6 53. Rb4 Rd7 54. f5 b6 55. Kf4 Kc6 56. fxg6 fxg6 57. Ke5 Rd6 58. Rxb6+ Kxb6 59. Kxd6 Kb7 60. Ke6 1-0


[Site "https://www.chess.com"]

[Event "Titled Tuesday Blitz January 31 Early 2023"]
[White "Dimitrov, Atanas"]
[Black "Harsh Suresh"]
[WhiteFideId "2901315"]
[BlackFideId "45018464"]
[WhiteElo "2269"]
[BlackElo "2298"]
[Result "0-1"]
[Round "06"]
[TimeControl "180+2"]
[Date "2023.01.31"]
[WhiteClock "0:01:39"]
[BlackClock "0:00:56"]

1. e4 c5 2. Nf3 g6 3. d4 cxd4 4. Nxd4 Nc6 5. Nc3 Bg7 6. Nde2 Ne5 7. h3 d6 8. b3 Nf6 9. Be3 O-O 10. Qd2 a6 11. a4 Be6 12. Nf4 Rc8 13. Rd1 b5 14. axb5 axb5 15. Ncd5 Nxe4 16. Qc1 Nc3 17. Nxc3 Rxc3 18. Be2 Bxb3 19. Rd2 Nc4 20. Bxc4 Bxc4 21. Qb1 Ra3 22. Rd1 e5 23. Nd5 e4 24. Nb6 Rxe3+ 0-1


[Site "https://www.chess.com"]

[Event "Titled Tuesday Blitz January 31 Early 2023"]
[White "Rakhmatullaev, Almas"]
[Black "Yelisieiev, Yevhenii"]
[WhiteFideId "14205793"]
[BlackFideId "14139642"]
[WhiteElo "2275"]
[BlackElo "2418"]
[Result "1-0"]
[Round "06"]
[TimeControl "180+2"]
[Date "2023.01.31"]
[WhiteClock "0:00:07"]
[BlackClock "0:00:17"]

1. e4 d6 2. d4 Nf6 3. Nc3 e5 4. Nf3 Nbd7 5. Bc4 Be7 6. O-O O-O 7. a4 c6 8. Qe2 a5 9. Rd1 Qc7 10. h3 Nb6 11. Bb3 Nfd7 12. Be3 exd4 13. Bxd4 Nc5 14. Rd2 Nxb3 15. cxb3 Be6 16. Rc1 Bxb3 17. e5 Bc4 18. Bxb6 Qxb6 19. Qxc4 d5 20. Qg4 Rae8 21. Re1 Kh8 22. Rde2 Bb4 23. Ng5 h6 24. Qh5 Kg8 25. e6 fxe6 26. Nxe6 d4 27. Nxf8 Rxf8 28. Ne4 d3 29. Re3 Bxe1 30. Rxe1 Qxb2 31. Qd1 Rd8 32. Qd2 Qd4 33. Re3 c5 34. f3 c4 35. Kh2 Qe5+ 36. Ng3 Qf4 37. Re8+ Rxe8 38. Qxf4 Rc8 39. Qf5 Rc6 40. Qd5+ Kh8 41. Ne4 c3 42. Nxc3 Rxc3 43. Qxa5 d2 44. Qd8+ Kh7 45. Qxd2 Rc6 46. Qd3+ Kh8 47. Qb3 b6 48. Qb5 Rg6 49. Qe8+ Kh7 50. Qe4 h5 51. h4 Kh6 52. g4 hxg4 53. fxg4 Rf6 54. g5+ 1-0


[Site "https://www.chess.com"]

[Event "Titled Tuesday Blitz January 31 Early 2023"]
[White "Koelle, Tobias"]
[Black "Antonica, Dragos-Andrei"]
[WhiteFideId "16207378"]
[BlackFideId "1246372"]
[WhiteElo "2432"]
[BlackElo "2373"]
[Result "0-1"]
[Round "06"]
[TimeControl "180+2"]
[Date "2023.01.31"]
[WhiteClock "0:00:04"]
[BlackClock "0:00:09"]

1. a3 d5 2. e3 Nf6 3. Nf3 Bg4 4. h3 Bh5 5. c4 c6 6. Qb3 Qb6 7. Qxb6 axb6 8. cxd5 Nxd5 9. Be2 e6 10. d3 Nd7 11. Nbd2 Be7 12. Ne4 Bg6 13. Bd2 N5f6 14. Nc3 Nc5 15. Ne5 Nb3 16. Rd1 O-O-O 17. Nxg6 hxg6 18. g3 Rd7 19. Kf1 Rhd8 20. Kg2 e5 21. g4 Nc5 22. g5 Ne8 23. h4 Kc7 24. Bc1 Nxd3 25. Bg4 Rd6 26. Ne4 Rd5 27. Nc3 Rc5 28. Rd2 Nxc1 29. Rxd8 Bxd8 30. Rxc1 Nd6 31. Rd1 Be7 32. Kf3 f5 33. gxf6 gxf6 34. Be6 f5 35. Rg1 Bxh4 36. Rxg6 b5 37. Rh6 Bd8 38. Rh7+ Kb6 39. Rd7 Bc7 40. Ke2 e4 41. Rh7 Re5 42. Bd7 Nc4 43. Nd1 Rd5 44. b3 Nxa3 45. Rf7 f4 46. exf4 Nb1 47. Be6 Rd2+ 48. Ke1 c5 49. Bf5 Rd4 50. Bg4 Nd2 51. Be6 Nf3+ 52. Ke2 Rd2+ 53. Ke3 Rxd1 54. Kxe4 Nd4 55. Bg4 Re1+ 56. Kd3 Nc6 57. Bf3 Rf1 58. Ke2 Rb1 59. Bd5 Nd4+ 60. Kd3 Rd1+ 61. Ke3 Re1+ 62. Kd2 Re2+ 63. Kd3 Rxf2 64. Rf6+ Ka5 65. Rf7 Bb6 66. Bxb7 Kb4 67. Bd5 Rf1 68. f5 Rxf5 69. Rb7 Rxd5 70. Rxb6 Rh5 71. Ke4 Rh4+ 72. Kd5 Nxb3 73. Rb8 Rd4+ 74. Kc6 Na5+ 75. Kb6 Rd6+ 76. Kc7 Rh6 77. Rg8 c4 78. Kb8 Nb3 79. Ka8 c3 80. Rg4+ Ka3 81. Rg2 b4 82. Rc2 Nd4 83. Rc1 Kb2 84. Re1 c2 85. Re7 c1=Q 86. Rc7 Qa1+ 87. Kb8 Rh8+ 88. Kb7 Qh1+ 89. Ka7 Ra8+ 90. Kb6 Qh6+ 91. Kc5 Ra5+ 92. Kxd4 Qd6+ 93. Kc4 Qxc7+ 94. Kxb4 Qb6+ 95. Kc4 Rc5+ 96. Kd3 Qd6+ 97. Ke4 Re5+ 98. Kf3 Qf6+ 99. Kg4 Rg5+ 0-1


[Site "https://www.chess.com"]

[Event "Titled Tuesday Blitz January 31 Early 2023"]
[White "Kukhmazov, Arsen"]
[Black "Weetik, Vjacheslav"]
[WhiteFideId "24108260"]
[BlackFideId "4153472"]
[WhiteElo "2512"]
[BlackElo "2423"]
[Result "1-0"]
[Round "06"]
[TimeControl "180+2"]
[Date "2023.01.31"]
[WhiteClock "0:00:04"]
[BlackClock "0:00:02"]

1. d4 Nf6 2. c4 g6 3. h4 c5 4. d5 b5 5. Nd2 e6 6. e4 bxc4 7. Bxc4 exd5 8. exd5 d6 9. h5 Nxh5 10. Rxh5 gxh5 11. Qxh5 Bg7 12. Ngf3 Nd7 13. Kf1 O-O 14. Ne4 Nf6 15. Nxf6+ Qxf6 16. Bd3 h6 17. Rb1 a5 18. Bg5 Bf5 19. Bxf6 Bxd3+ 20. Kg1 Bxb1 21. Be7 Rfe8 22. Bxd6 Rad8 23. Bxc5 Bg6 24. Qh4 Rxd5 25. Be3 h5 26. b3 Re4 27. Qg3 Rg4 28. Qb8+ Kh7 29. Nd2 Bc3 30. Nc4 Rd1+ 31. Kh2 a4 32. f3 Rh4+ 33. Kg3 Rhh1 34. Qc7 Bg7 35. Ne5 Rde1 36. Bf4 h4+ 37. Kg4 Rxe5 38. Bxe5 Bh6 39. Bf6 a3 40. Qd8 Bg7 41. Bxg7 Kxg7 42. Qd4+ Kh7 43. Kg5 Rb1 44. Qxh4+ Kg8 45. Qd4 Rb2 46. Kh6 1-0


[Site "https://www.chess.com"]

[Event "Titled Tuesday Blitz January 31 Early 2023"]
[White "Kopczynski, Michal"]
[Black "Wong, Yinn Long"]
[WhiteFideId "1124200"]
[BlackFideId "5707684"]
[WhiteElo "2225"]
[BlackElo "2371"]
[Result "0-1"]
[Round "06"]
[TimeControl "180+2"]
[Date "2023.01.31"]
[WhiteClock "0:00:58"]
[BlackClock "0:01:21"]

1. e4 e6 2. d4 d5 3. Nc3 dxe4 4. Nxe4 Nf6 5. Nxf6+ gxf6 6. Nf3 Nc6 7. Bd3 b6 8. Bf4 Bb7 9. c3 Bd6 10. Bg3 h5 11. Qe2 Ne7 12. O-O-O Qd7 13. Kb1 O-O-O 14. Ba6 Nf5 15. Bxb7+ Kxb7 16. Rhe1 h4 17. Bxd6 Nxd6 18. Nd2 Qc6 19. f3 h3 20. g3 Rh5 21. f4 Ra5 22. Nb3 Rb5 23. Nc1 a5 24. a4 Rd5 25. Qc2 Nf5 26. Nb3 R5d7 27. c4 Nxd4 28. Nxd4 Rxd4 29. Rxd4 Rxd4 30. b3 Qd6 31. Re2 Rd1+ 32. Kb2 Qd4+ 33. Qc3 Rb1+ 34. Kc2 Rc1+ 0-1


[Site "https://www.chess.com"]

[Event "Titled Tuesday Blitz January 31 Early 2023"]
[White "Cherniaiev, Tykhon"]
[Black "Mammadzada, Gunay"]
[WhiteFideId "14182360"]
[BlackFideId "13403729"]
[WhiteElo "2330"]
[BlackElo "2449"]
[Result "1-0"]
[Round "06"]
[TimeControl "180+2"]
[Date "2023.01.31"]
[WhiteClock "0:01:23"]
[BlackClock "0:00:14"]

1. Nf3 d5 2. d4 Nf6 3. c4 c6 4. Nc3 e6 5. e3 Nbd7 6. b3 b6 7. Bd3 Bb7 8. O-O Be7 9. e4 dxe4 10. Nxe4 c5 11. Nxf6+ Bxf6 12. Bb2 Bxf3 13. Qxf3 Bxd4 14. Bxd4 cxd4 15. Rad1 O-O 16. Bxh7+ Kxh7 17. Rxd4 Qe7 18. Qd3+ f5 19. Rxd7 Qf6 20. Rd1 e5 21. Qg3 Rad8 22. h3 Rxd7 23. Rxd7 a5 24. Qf3 e4 25. Qf4 Qa1+ 26. Kh2 Qxa2 27. Qe5 Rg8 28. Qxf5+ Kh6 29. Rd6+ g6 30. Qf4+ Kh7 31. Qh4+ Kg7 32. Rd7+ 1-0


[Site "https://www.chess.com"]

[Event "Titled Tuesday Blitz January 31 Early 2023"]
[White "Salimova, Nurgyul"]
[Black "Aaditya Dhingra"]
[WhiteFideId "2915138"]
[BlackFideId "25678191"]
[WhiteElo "2391"]
[BlackElo "2027"]
[Result "1-0"]
[Round "06"]
[TimeControl "180+2"]
[Date "2023.01.31"]
[WhiteClock "0:00:24"]
[BlackClock "0:00:12"]

1. d4 Nf6 2. Nf3 g6 3. Nbd2 Bg7 4. e4 d6 5. Bd3 O-O 6. O-O c5 7. c3 cxd4 8. cxd4 Nbd7 9. b3 Nh5 10. Bb2 Nf4 11. Bc2 b6 12. Re1 Ba6 13. Nf1 Nc5 14. Re3 Rc8 15. g3 Nfe6 16. Rb1 Nd7 17. d5 Nec5 18. Bxg7 Kxg7 19. b4 Bxf1 20. bxc5 Ba6 21. c6 Nc5 22. h4 e5 23. h5 f5 24. hxg6 f4 25. Ra3 hxg6 26. Kg2 Qf6 27. g4 Rc7 28. Qd2 Bc8 29. Rg1 Bxg4 30. Kf1 Bxf3 31. Rxf3 g5 32. Rh3 Rh8 33. Rxh8 Kxh8 34. Qe2 Rh7 35. Qg4 Kg7 36. c7 Rh8 37. c8=Q Rxc8 38. Qxc8 f3 39. Qf5 1-0


[Site "https://www.chess.com"]

[Event "Titled Tuesday Blitz January 31 Early 2023"]
[White "Bosnjak, Petar"]
[Black "Averjanov, Alexey"]
[WhiteFideId "14532581"]
[BlackFideId "14109867"]
[WhiteElo "2337"]
[BlackElo "2399"]
[Result "1/2-1/2"]
[Round "06"]
[TimeControl "180+2"]
[Date "2023.01.31"]
[WhiteClock "0:02:34"]
[BlackClock "0:02:54"]

1. d4 d5 2. c4 dxc4 3. Nf3 Nf6 4. e3 e6 5. Bxc4 a6 6. O-O b5 7. Be2 Bb7 8. Nbd2 Nbd7 9. Nb3 c5 10. dxc5 Nxc5 11. Nxc5 Bxc5 12. b3 Qxd1 13. Rxd1 Ke7 14. Bb2 Rhd8 15. Rxd8 Rxd8 16. Rd1 Rxd1+ 17. Bxd1 h6 1/2-1/2


[Site "https://www.chess.com"]

[Event "Titled Tuesday Blitz January 31 Early 2023"]
[White "Martynov, Pavel"]
[Black "Azarov, Sergei"]
[WhiteFideId "4101260"]
[BlackFideId "13501470"]
[WhiteElo "2414"]
[BlackElo "2582"]
[Result "0-1"]
[Round "06"]
[TimeControl "180+2"]
[Date "2023.01.31"]
[WhiteClock "0:00:09"]
[BlackClock "0:00:10"]

1. e4 e5 2. Nf3 Nc6 3. Bb5 a6 4. Ba4 Nf6 5. d3 b5 6. Bb3 Bc5 7. c3 d6 8. Nbd2 O-O 9. h3 Be6 10. Nf1 d5 11. Qe2 Na5 12. Bc2 dxe4 13. dxe4 Bc4 14. Qd1 Qe7 15. Be3 Rad8 16. Qc1 Bxf1 17. Kxf1 Bxe3 18. fxe3 Nc4 19. Kf2 Nd6 20. Qb1 c5 21. Rd1 Qb7 22. Nd2 Rd7 23. a4 b4 24. Kg1 Rfd8 25. Kh2 h5 26. Nf3 b3 27. Bd3 Ndxe4 28. Bxe4 Nxe4 29. Rxd7 Rxd7 30. Nxe5 Rd2 31. Qf1 Qd5 32. Nc4 Rf2 33. Rd1 Qg5 34. Qg1 Qg3+ 35. Kh1 Re2 36. Rf1 Nf2+ 37. Rxf2 Rxf2 38. a5 Re2 39. e4 Re1 0-1


[Site "https://www.chess.com"]

[Event "Titled Tuesday Blitz January 31 Early 2023"]
[White "Preotu, Razvan"]
[Black "Lamaze, Simon"]
[WhiteFideId "2613280"]
[BlackFideId "36069264"]
[WhiteElo "2475"]
[BlackElo "2363"]
[Result "0-1"]
[Round "06"]
[TimeControl "180+2"]
[Date "2023.01.31"]
[WhiteClock "0:00:03"]
[BlackClock "0:00:32"]

1. e4 c5 2. Nf3 e6 3. c3 Nf6 4. e5 Nd5 5. d4 cxd4 6. cxd4 d6 7. Bc4 Be7 8. O-O O-O 9. Qe2 Nc6 10. Nc3 Nxc3 11. bxc3 dxe5 12. dxe5 Qc7 13. Bd3 b6 14. Re1 Bb7 15. Ng5 g6 16. Nxh7 Nxe5 17. Nxf8 Nxd3 18. Qxd3 Bxf8 19. Bg5 Bg7 20. Rac1 Rc8 21. h4 Bd5 22. Qh3 f6 23. c4 Bxc4 24. Rxe6 fxg5 25. Re7 Qc5 26. Qd7 Bd4 27. Re8+ Rxe8 28. Qxe8+ Kg7 29. Qd7+ Kh6 30. hxg5+ Kxg5 31. Qd8+ Kh6 32. Qh4+ Kg7 33. Qf4 b5 34. Re1 Bf6 35. Re8 Bf7 36. Ra8 Qd4 37. Qc7 Qa1+ 0-1


[Site "https://www.chess.com"]